 Dungeon Crawl Stone Soup version 0.32-a0-913-g739538afd8 (webtiles) character file.

Game seed: 7856387369346453387

121 DEFE the Chopper (level 5, -3/41 HPs)
             Began as a Coglin Fighter on Apr 9, 2024.
             Killed by nerve-wracking pain
             ... invoked by Grinder
              (13 damage)
             ... on level 3 of the Dungeon.
             The game lasted 00:01:29 (1965 turns).

DEFE the Chopper (Coglin Fighter)                   Turns: 1965, Time: 00:01:30

Health: -3/41      AC:  7    Str: 18    XL:     5   Next: 5%
Magic:  5/5        EV:  8    Int:  7    God:
Gold:   204        SH:  0    Dex: 14    Spells: 4/4 levels left

rFire   . . .        o - +1 dagger (elec) {Byeongho}
rCold   . . .        g - +0 mace (drain) {Siegfried}
rNeg    . . .        b - +0 scale mail
rPois   .            (no helmet)
rElec   .            (no cloak)
rCorr   .            (no gloves)
SInv    .            l - +0 pair of boots
Will    .....        (amulet unavailable) Stlth
                     (ring unavailable)
HPRegen 0.26/turn    (ring unavailable)
MPRegen 0.09/turn    (no gizmo)

%: no passive effects
@: mighty, revved
A: off-hand wielding, slow wielding, warmup strikes, no jewellery
a: Invent Gizmo


You were on level 3 of the Dungeon.
You visited 1 branch of the dungeon, and saw 3 of its levels.

You collected 204 gold pieces.

Inventory:

Hand Weapons
 a - a +0 war axe {Gottfried}
 g - a +0 mace of draining (offhand) {Siegfried}
 o - a +1 dagger of electrocution (weapon) {Byeongho}
 p - a +3 flail
Armour
 b - a +0 scale mail (worn)
 c - a +0 buckler
 l - a +0 pair of boots (worn)
Scrolls
 e - 2 scrolls of blinking {unknown}
 k - a scroll of teleportation {unknown}
 m - a scroll of vulnerability {unknown}
 n - a scroll of identify {unknown}
 r - a scroll of fear {unknown}
Potions
 d - 4 potions of might
 f - a potion of attraction {unknown}
 h - a potion of heal wounds {unknown}
 i - 3 potions of degeneration {unknown}
 j - a potion of mutation {unknown}
 q - 2 potions of curing {unknown}


   Skills:
 - Level 3.0 Fighting
 + Level 5.1 Axes
 - Level 2.6 Armour
 - Level 2.1 Shields


You had 4 spell levels left.
You didn't know any spells.
Your spell library contained the following spells:

 Spells                   Type           Power      Damage    Failure   Level
 Kiss of Death            Conj/Necr      0%         2d5       83%         1
 Confusing Touch          Hex            0%         N/A       99%         3
 Dispel Undead            Necr           0%         3d6       100%        4


Dungeon Overview and Level Annotations

Branches:
Dungeon (3/15)

Altars:
Qazlal
Uskayaw

Shops:
D:2 *

Annotations:
D:3 Grinder


Innate Abilities, Weirdness & Mutations

You can wield a second weapon in your off-hand.
It takes a long time for you to wield or remove held weapons.
Your first few attacks do less damage.
You cannot equip rings or amulets.


Message History

Grinder gestures at you. Pain shoots through your body!
You hit Grinder but do no damage.
Grinder is lightly wounded.
You barely miss Grinder with your +0 mace of draining.
Grinder hits you but does no damage.
You closely miss Grinder with your +1 dagger of electrocution.
Grinder is lightly wounded.
You barely miss Grinder with your +0 mace of draining.
Grinder says, "Don't move a muscle."
Grinder hits you but does no damage.
You barely miss Grinder with your +0 mace of draining.
Grinder is lightly wounded.
You barely miss Grinder with your +1 dagger of electrocution.
Grinder hits you!
You writhe in agony.
You are too injured to fight recklessly!
You are too injured to fight recklessly!
You are too injured to fight recklessly!
You are too injured to fight recklessly!
You are too injured to fight recklessly!
You are too injured to fight recklessly!
You are too injured to fight recklessly!
You are too injured to fight recklessly!
You are too injured to fight recklessly!
You barely miss Grinder with your +0 mace of draining.
Grinder is lightly wounded.
You hit Grinder but do no damage. Grinder hits you.
* * * LOW HITPOINT WARNING * * *
Unknown command.
You feel very mighty all of a sudden. Grinder hits you but does no damage.
You hit Grinder with your +0 mace of draining.
Grinder is lightly wounded.
You puncture Grinder with your +1 dagger of electrocution!
Grinder gestures at you.
You barely resist. Grinder gestures at you. Pain shoots through your body!
You die...
Grinder sighs, "Dead already?
I want a refund."

#.. #.. ### #.. ...
#.. #.. #.. #.#
######## ##.#
........ ##.5#
#####>
#..@###########.....
#...#...........####
#.....###########
#...### #####


You could see Grinder.

Vanquished Creatures
  7 adders
  A ribbon worm (D:2)
  A dart slug (D:1)
  5 ball pythons
  5 endoplasms
  A giant cockroach (D:1)
  4 goblins
  7 hobgoblins
  4 kobolds
  4 quokkas
  3 bats
  6 frilled lizards
  3 rats
51 creatures vanquished.

Notes
Turn   | Place    | Note
-------+----------+-------------------------------------------
     0 | D:1      | DEFE the Coglin Fighter began the quest for the Orb.
     0 | D:1      | Reached XP level 1. HP: 18/18 MP: 1/1
    90 | D:1      | Reached XP level 2. HP: 24/24 MP: 2/2
   251 | D:1      | Reached skill level 3 in Axes
   835 | D:2      | Reached XP level 3. HP: 23/29 MP: 3/3
   916 | D:2      | Reached skill level 4 in Axes
   943 | D:2      | Reached XP level 4. HP: 11/35 MP: 4/4
  1385 | D:2      | Found Akobrofy's General Store.
  1569 | D:3      | Found a stormy altar of Qazlal.
  1570 | D:3      | Found a hide-covered altar of Uskayaw.
  1663 | D:3      | Reached skill level 5 in Axes
  1665 | D:3      | Reached XP level 5. HP: 39/41 MP: 5/5
  1956 | D:3      | Noticed Grinder
  1965 | D:3      | Killed from afar by Grinder

Illustrated notes

Levels and vault maps discovered:
D:1:      ncdulo_wetmaze, layout_loops_ring, serial_glass, glass_columns_a,
          glass_columns_a, feat_on_display, minmay_strange_pillars,
          minmay_strange_pillars
D:2:      layout_loops_cross, serial_shops, nicolae_shop_real_fake_doors,
          minmay_hexomino_p4
D:3:      layout_rooms, grunt_temple_overflow_open, kennysheep_donut,
          dk_noncrumbling_2, uniq_grinder

Skill      XL: |  1  2  3  4 |
---------------+-------------+-----
Axes           | 3 4 5 |  5.1
Fighting       | |  3.0
Armour         | |  2.6
Shields        | |  2.1

Action                     |  1- 3 |  4- 6 || total
---------------------------+-------+-------++-------
  Melee: War axe           |    51 |    17 ||    68
         Mace              |    30 |    37 ||    67
         Dagger            |       |    19 ||    19
    Use: Potion            |       |     1 ||     1
 Armour: Scale mail        |    49 |    22 ||    71
  Dodge: Dodged            |    27 |    11 ||    38
  Block: Buckler           |     2 |       ||     2

Table legend: (Time is in decaauts)
 A = Elapsed time spent in this place.
 B = Non-inter-level travel time spent in this place.
 C = Inter-level travel time spent in this place.
 D = Time resting spent in this place.
 E = Time spent auto-exploring this place.
 F = Levels seen in this place.
 G = Mean time per level.
                   A        B        C        D        E       F      G
               +--------+--------+--------+--------+--------+-----+--------+
         Total |   1999 |   1950 |     49 |     24 |   1584 |   3 |  666.3 |
       Dungeon |   1999 |   1950 |     49 |     24 |   1584 |   3 |  666.3 |
               +--------+--------+--------+--------+--------+-----+--------+

Top non-repeatable levels by time:
     D:2: 784 daAuts
     D:1: 775 daAuts
     D:3: 439 daAuts
